 Dungeon Crawl Stone Soup version 0.21.1-1-g345015fe64 (webtiles) character file.

2722 Gargoyl the Chopper (level 9, 0/74 HPs)
             Began as a Centaur Abyssal Knight on Feb 24, 2018.
             Was a Priest of Lugonu.
             Slain by an orc warrior
             ... wielding a +0 hand axe
              (2 damage)
             ... on level 7 of the Dungeon.
             The game lasted 00:14:05 (7593 turns).

Gargoyl the Chopper (Centaur Abyssal Knight)        Turns: 7593, Time: 00:14:06

Health: 0/74       AC: 11    Str: 17    XL:     9   Next: 39%
Magic:  13/13      EV:  5    Int: 11    God:    Lugonu [***...]
Gold:   285        SH:  3    Dex: 12    Spells: 8/8 levels left

rFire    . . .     SeeInvis .   f - +9 broad axe of the Original Sin {chop, Dex+2}
rCold    . . .     Gourm    .   C - +0 buckler
rNeg     . . .     Faith    .   s - +0 chain mail
rPois    .         Spirit   .   E - +1 helmet
rElec    .         Reflect  .   (no cloak)
rCorr    .         Harm     .   (no gloves)
MR       ++...                  (no barding)
Stlth    ..........             (no amulet)
HPRegen  0.22/turn              w - ring of protection from magic
MPRegen  0.13/turn              q - ring of protection from magic

@: very quick
A: large, hooves 3, deformed body, speed 2, tough skin 3
a: Depart the Abyss, Bend Space, Banish, Renounce Religion


You were on level 7 of the Dungeon.
You worshipped Lugonu.
Lugonu was most pleased with you.
You were not hungry.

You visited 1 branch of the dungeon, and saw 7 of its levels.
You visited the Abyss 1 time.
You also visited: Sewer.

You collected 285 gold pieces.

Inventory:

Hand Weapons
 a - a +2 hand axe
 f - the +9 broad axe of the Original Sin (weapon) {chop, Dex+2}
   (You found it on level 3 of the Abyss)

   It inflicts extra damage upon your enemies.
   It affects your dexterity (+2).
 j - the +2 long sword of Dominance {holy, MP+9 Str+4 Dex+2}
   (You found it on level 6 of the Dungeon)

   It has been blessed by the Shining One to cause great damage to the undead
   and demons.
   It affects your strength (+4).
   It affects your dexterity (+2).
   It affects your magic capacity (+9).
Armour
 s - a +0 chain mail (worn)
 C - a +0 buckler (worn)
 E - a +1 helmet (worn)
Jewellery
 p - an uncursed ring of resist corrosion
 q - a ring of protection from magic (right hand)
 w - a ring of protection from magic (left hand)
Wands
 b - a wand of digging (16)
 g - a wand of polymorph (11)
 r - a wand of acid (15)
Scrolls
 e - 5 scrolls of remove curse
 m - a scroll of identify
 n - 2 scrolls of enchant weapon
 x - 5 scrolls of teleportation
 y - a scroll of blinking
Potions
 d - 3 potions of flight
 h - 3 potions of brilliance
 i - a potion of heal wounds
 k - 3 potions of lignification
 o - 6 potions of might
 u - 3 potions of agility
 v - 2 potions of resistance
 z - a potion of cancellation {unknown}
 A - a potion of ambrosia {unknown}
Books
 B - a book of Changes

   Spells                             Type                      Level
   a - Beastly Appendage              Transmutation                1
   b - Sticks to Snakes               Transmutation                2
   c - Spider Form                    Transmutation/Poison         3
   d - Ice Form                       Ice/Transmutation            4
   e - Blade Hands                    Transmutation                5
Comestibles
 c - 10 rations
 l - 2 chunks of flesh


   Skills:
 + Level 5.2 Fighting
 + Level 7.7 Axes
 * Level 5.4 Armour
 + Level 1.6 Dodging
 + Level 0.2 Shields
 * Level 5.8 Invocations
 + Level 1.1 Evocations


You had 8 spell levels left.
You didn't know any spells.

Dungeon Overview and Level Annotations

Branches:
Dungeon (7/15)
 Temple: D:4-7

Altars:
Cheibriados
Elyvilon
Makhleb
Trog
Uskayaw
Xom
Zin

Shops:
D:6 *


Innate Abilities, Weirdness & Mutations

You have hooves in place of feet.
Armour fits poorly on your strangely shaped body.
You cover ground very quickly.
You have extremely tough skin. (AC +3)


Message History

You slash something! Lugonu accepts your kill.
Reactivating autopickup.
Your Evocations skill increases to level 1!
You feel a bit more experienced.
The orc warrior hits you with a hand axe.
You hit the orc warrior.
You kick the orc warrior, but do no damage.
The orc warrior is heavily wounded.
The orc warrior hits you with a hand axe!
* * * LOW HITPOINT WARNING * * *
You closely miss the orc warrior. Your kick misses the orc warrior.
The orc warrior is heavily wounded.
The orc warrior hits you with a hand axe!
* * * LOW HITPOINT WARNING * * *
You hit the orc warrior but do no damage.
Your kick misses the orc warrior.
The orc warrior is heavily wounded.
The orc warrior hits you with a hand axe.
You die...

#.....#
#.....
#....#
...##....##
.......<..#
..........#
..........#
........))#
........)@#
...##...o##
... #....#
.. #......
##.....
#.... #....
#..##


You could see an orc warrior.

Vanquished Creatures
  A queen bee (D:6)
  Grinder (D:4)
  Eustachio (D:4)
  Edmund (D:4)
  An orc warrior (D:6)
  Purgy (D:3)
  A sky beast (D:6)
  A necrophage (D:6)
  2 phantoms
  An ogre (D:5)
  2 big kobolds (Sewer)
  A bullfrog (D:6)
  A gnoll sergeant (D:5)
  A water moccasin zombie (D:5)
  A scorpion (D:6)
  A howler monkey (D:5)
  2 bullfrog zombies (D:5)
  2 centaur zombies
  2 hounds
  A centaur skeleton (D:6)
  4 orc priests
  Jessica (D:3)
  Ijyb (D:3)
  Terence (D:3)
  7 orc wizards
  5 worker ants
  A hound zombie (D:5)
  A hound skeleton (D:5)
  6 gnolls
  9 adders
  An ooze (D:5)
  2 adder zombies (D:5)
  2 worms
  2 dart slugs
  8 leopard geckos
  19 orcs
  4 ball pythons
  9 bats
  4 giant cockroaches
  6 goblins
  6 hobgoblins
  15 kobolds
  A quokka (D:3)
  A ball python zombie (D:5)
  2 frilled lizards
  A jackal zombie (D:5)
  9 rats
  A fungus (Sewer)
154 creatures vanquished.

Vanquished Creatures (others)
  A withered plant (D:5)
1 creature vanquished.

Grand Total: 155 creatures vanquished

Notes
Turn   | Place    | Note
-------+----------+-------------------------------------------
     0 | Abyss:1  | Gargoyl the Centaur Abyssal Knight began the quest for the Orb.
     0 | Abyss:1  | Reached XP level 1. HP: 19/19 MP: 2/2
     4 | Abyss:1  | Found a corrupted altar of Lugonu.
    53 | Abyss:3  | Got a faintly glowing broad axe
    54 | Abyss:3  | Identified the +9 broad axe of the Original Sin {chop, Dex+2} (You found it on level 3 of the Abyss)
    55 | Abyss:3  | Noticed a small abomination
    59 | Abyss:3  | Found a basalt altar of Yredelemnul.
    63 | D:1      | Escaped the Abyss
   359 | D:1      | Reached * piety under Lugonu
   364 | D:1      | Reached skill level 2 in Axes
   537 | D:1      | Reached XP level 2. HP: 26/26 MP: 3/3
   705 | D:1      | Reached skill level 1 in Dodging
   911 | D:1      | Reached XP level 3. HP: 22/31 MP: 4/4
  2129 | D:3      | Reached ** piety under Lugonu
  2139 | D:3      | Noticed Terence
  2148 | D:3      | Killed Terence
  2148 | D:3      | Reached XP level 4. HP: 22/40 MP: 5/5
  2327 | D:3      | Noticed Jessica
  2331 | D:3      | Found a snail-covered altar of Cheibriados.
  2331 | D:3      | Noticed Ijyb
  2657 | D:3      | Killed Jessica
  2657 | D:3      | Reached skill level 3 in Axes
  2972 | D:3      | Reached XP level 5. HP: 46/46 MP: 6/6
  3042 | D:3      | Killed Ijyb
  3214 | D:3      | Noticed a phantom
  3224 | D:3      | Killed a phantom
  3224 | D:3      | Reached XP level 6. HP: 45/52 MP: 8/8
  3393 | D:3      | Noticed Purgy
  3397 | D:3      | Killed Purgy
  3527 | D:4      | Reached skill level 4 in Axes
  3531 | D:4      | Found a glowing drain.
  3541 | Sewer    | Entered a sewer
  4006 | Sewer    | Reached XP level 7. HP: 53/59 MP: 9/9
  4251 | D:4      | Noticed Grinder
  4259 | D:4      | Killed Grinder
  4259 | D:4      | Reached skill level 5 in Axes
  4618 | D:4      | Noticed Eustachio
  4631 | D:4      | Killed Eustachio
  4631 | D:4      | Reached XP level 8. HP: 60/67 MP: 11/11
  4684 | D:4      | Noticed Edmund
  4693 | D:4      | Killed Edmund
  5356 | D:5      | Entered Level 5 of the Dungeon
  5367 | D:5      | Reached *** piety under Lugonu
  5699 | D:5      | Reached skill level 6 in Axes
  6284 | D:5      | Reached skill level 5 in Invocations
  6286 | D:5      | Reached skill level 5 in Fighting
  6286 | D:5      | Reached skill level 5 in Armour
  6638 | D:6      | Found a hide-covered altar of Uskayaw.
  6680 | D:6      | Reached XP level 9. HP: 64/73 MP: 12/12
  6913 | D:6      | Reached skill level 7 in Axes
  7324 | D:6      | Got a shimmering long sword
  7325 | D:6      | Identified the +2 long sword of Dominance {holy, MP+9 Str+4 Dex+2} (You found it on level 6 of the Dungeon)
  7368 | D:6      | Found Zin's Purification Station.
  7368 | D:6      | Noticed Prince Ribbit
  7371 | D:6      | Found a glowing silver altar of Zin.
  7376 | D:6      | Noticed Prince Ribbit
  7376 | D:6      | Prince Ribbit changed into Prince Ribbit the queen bee
  7379 | D:6      | Killed Prince Ribbit the queen bee
  7536 | D:6      | Found a white marble altar of Elyvilon.
  7538 | D:6      | Found a shimmering altar of Xom.
  7539 | D:6      | Found a bloodstained altar of Trog.
  7542 | D:6      | Found a burning altar of Makhleb.
  7590 | D:7      | Reached skill level 1 in Evocations
  7592 | D:7      | HP: 2/74 [orc warrior/hand axe (14)]
  7593 | D:7      | Slain by an orc warrior

Skill      XL: |  1  2  3  4  5  6  7  8  9 |
---------------+----------------------------+-----
Axes           | 2 3 4 5 6 7 |  7.7
Dodging        | 1 |  1.6
Armour         | 2 3 5 |  5.4
Fighting       | 4 5 |  5.2
Invocations    | 3 4 5 |  5.8
Evocations     | 1 |  1.1
Shields        | |  0.2

Action                   |  1- 3 |  4- 6 |  7- 9 || total
-------------------------+-------+-------+-------++-------
Melee: Broad axe         |    58 |    63 |   169 ||   290
       Kick              |     8 |     3 |    38 ||    49
Invok: Depart the Abyss  |     1 |       |       ||     1
Evoke: Wand              |       |     4 |     6 ||    10
  Use: Potion            |     1 |       |     2 ||     3
       Scroll            |     3 |     4 |    13 ||    20
  Eat: Chunk             |     2 |     6 |     9 ||    17
Armor: Leather armour    |    17 |       |       ||    17
       Scale mail        |       |     6 |       ||     6
       Chain mail        |       |    55 |   118 ||   173
Dodge: Dodged            |    19 |    18 |    24 ||    61
Block: Buckler           |       |       |    11 ||    11
